Map: Ephemeron LE

Players

Ratl - Winner!

  • Race: Zerg Zerg
  • League: Silver
  • Spawn Location: 5:00

Chacal

  • Race: Zerg Zerg
  • Spawn Location: 11:00

VOD

Have the link to the VOD?

Description

Time

  • Played on: Jan. 12, 2020, 2:18 p.m.
  • Length: 18:09
Show
View Real Time Build Order
Export as new Build Order

Ratl Zerg - Winner!

Build Orders: Pool First 

Get SALT Encoding   

  12  0:03  Drone  
  13  0:09  Drone  
  14  0:17  Overlord  
  14  0:29  Overlord  
  14  0:48  Spawning Pool  
  13  1:10  Drone x3  
  16  1:27  Drone  
  17  1:56  Drone x2  
  17  1:57  Drone  
  20  2:06  Extractor  
  20  2:07  Extractor  
  18  2:10  Queen  
  18  2:14  Drone  
  21  2:27  Evolution Chamber  
  20  2:35  Hatchery  
  19  2:38  Zergling x4  
  21  2:53  Drone x2  
  23  3:22  Drone x2  
  25  3:33  Drone  
  25  3:34  Drone x3  
  29  3:42  Lair  
  29  3:44  Drone  
  30  3:54  Drone  
  31  4:00  Drone  
  32  4:03  Overlord  
  32  4:04  Overlord  
  32  4:14  Drone  
  33  4:22  Drone x3  
  33  4:23  Drone  
  37  4:30  Drone x2  
  37  4:31  Drone  
  40  4:38  Extractor  
  39  4:39  Extractor  
  39  4:43  Queen  
  40  4:46  Zergling x2  
  40  4:47  Zergling x2  
  40  4:49  Drone  
  43  4:54  Queen  
  45  5:05  Spire  
  45  5:06  Drone x3  
  45  5:07  Drone  
  48  5:08  Drone  
  48  5:09  Drone  
  50  5:19  Queen  
  52  6:06  Overlord  
  52  6:07  Overlord x2  
  52  7:14  Drone x4  
  52  7:15  Drone x6  
  62  7:17  Overlord x4  
  62  7:18  Overlord  
  62  7:19  Drone x3  
  65  7:24  Hatchery  
  64  7:44  Hatchery  
  63  8:02  Roach Warren  
  62  8:07  Hydralisk Den  
  61  8:18  Infestation Pit  
  60  8:24  Nydus Network  
  59  8:28  Drone x6  
  65  8:59  Drone  
  65  9:00  Drone x7  
  65  9:01  Drone  
  74  9:06  Drone x2  
  74  9:07  Queen  
  74  9:08  Queen  
  80  9:11  Drone x3  
  83  9:22  Drone  
  84  9:24  Drone x4  
  84  9:30  Extractor  
  87  9:32  Extractor  
  86  9:39  Overseer  
  86  9:40  Overseer  
  86  9:42  Queen  
  86  9:43  Overseer  
  88  9:46  Overseer  
  88  10:27  Hydralisk x5  
  88  10:28  Hydralisk x6  
  98  10:29  Hydralisk x2  
  98  10:31  Zergling x4  
  98  10:35  Pneumatized Carapace  
  116  10:39  Zerg Melee Weapons Level 1  
  116  10:50  Evolution Chamber  
  115  10:58  Metabolic Boost  
  115  11:00  Hive  
  115  11:31  Drone  
  115  11:32  Drone x3  
  119  11:39  Extractor  
  118  11:42  Extractor  
  118  11:46  Zergling x6  
  120  11:48  Overlord  
  120  11:49  Overlord x3  
  120  11:55  Overlord x2  
  120  12:04  Zerg Flyer Weapons Level 1  
  120  12:07  Glial Reconstitution  
  120  12:10  Grooved Spines  
  120  12:16  Zerg Missile Weapons Level 1  
  120  12:17  Adrenal Glands  
  120  12:32  Drone x2  
  120  12:33  Zerg Ground Armor Level 1, Drone  
  120  12:34  Drone x3  
  126  12:56  Zergling x8  
  126  12:57  Zergling x12  
  126  12:58  Zergling x2  
  137  13:10  Pathogen Glands  
  137  13:21  Muscular Augments  
  137  13:23  Overlord  
  137  13:24  Overlord x2  
  137  13:25  Tunneling Claws  
  137  13:28  Overlord  
  137  13:55  Hatchery  
  137  13:58  Extractor, Zerg Flyer Armor Level 1  
  137  14:02  Hatchery  
  134  14:06  Neural Parasite  
  134  14:10  Overseer  
  134  14:20  Zergling x6  
  134  14:21  Zergling x10  
  134  14:22  Zergling x2  
  134  14:23  Hydralisk x3  
  134  14:24  Hydralisk x3  
  147  14:27  Zerg Melee Weapons Level 2  
  155  14:58  Drone x5  
  155  14:59  Drone x5  
  166  15:00  Drone x2  
  167  15:14  Drone x5  
  169  15:15  Drone x2  
  174  15:21  Drone x2  
  174  15:22  Drone x4  
  174  15:25  Unknown  
  180  15:37  Drone x3  
  180  15:38  Drone x7  
  190  15:43  Extractor  
  190  15:46  Drone  
  190  15:47  Drone x2  
  190  15:48  Extractor, Drone x3  
  194  15:51  Queen x3  
  194  15:54  Extractor  
  199  16:14  Drone  
  195  17:18  Hatchery  
  195  17:19  Extractor x2  
  185  17:43  Mutalisk x4  
  185  17:44  Mutalisk x3  
Show
View Real Time Build Order
Export as new Build Order

Chacal Zerg 

Build Orders: Hatch First 

Get SALT Encoding   

  12  0:07  Drone  
  12  0:08  Drone  
  14  0:59  Hatchery  
  13  1:24  Overlord  
  13  1:26  Drone  
  14  1:45  Overlord  
  14  2:20  Evolution Chamber  
  13  2:30  Spawning Pool  
  13  2:34  Overlord  
  13  2:35  Overlord  
  13  2:36  Overlord  
  12  3:24  Zergling x2  
  13  3:28  Zergling x4  
  15  3:39  Drone  
  15  3:40  Drone  
  17  3:59  Extractor  
  16  4:07  Extractor  
  15  4:38  Overlord  
  15  4:39  Overlord  
  15  4:40  Overlord  
  15  5:00  Extractor  
  14  5:07  Zergling x2  
  15  5:15  Extractor  
  15  5:19  Queen  
  16  7:00  Drone  
  17  7:10  Drone  
  18  7:24  Drone  
  18  7:26  Drone  
  18  7:27  Drone  
  21  7:30  Drone x2  
  21  7:31  Drone  
  24  7:51  Drone  
  26  8:34  Drone  
  26  8:35  Drone x2  
  28  9:08  Spine Crawler  
  27  9:46  Drone  
  28  9:55  Drone  
  28  9:58  Queen  
  31  10:04  Queen  
  33  10:13  Drone  
  34  10:33  Queen  
  36  10:38  Baneling Nest  
  36  10:40  Queen  
  37  10:52  Drone  
  37  10:53  Drone x2  
  40  11:04  Zerg Melee Weapons Level 1  
  40  11:09  Queen  
  42  11:15  Queen  
  44  11:39  Drone x2  
  47  11:40  Drone  
  47  11:45  Queen  
  49  11:51  Queen  
  51  12:06  Spine Crawler  
  50  12:16  Drone x2  
  50  12:17  Drone  
  50  12:20  Queen  
  55  12:27  Queen  
  57  12:41  Drone  
  57  12:42  Drone x2  
  60  12:59  Zerg Missile Weapons Level 1  
  60  13:10  Spine Crawler  
  59  13:16  Spine Crawler  
  58  13:29  Drone  
  58  13:30  Drone x2  
  61  13:43  Drone  
  61  13:44  Drone x2  
  64  14:00  Roach Warren  
  63  14:09  Drone x2  
  65  14:38  Drone x2  
  67  14:43  Drone x3  
  70  14:53  Zerg Ground Armor Level 1  
  70  15:01  Drone  
  71  15:32  Roach Warren  
  70  16:12  Spine Crawler  
  69  16:23  Spore Crawler  
  68  16:30  Roach x2  
  68  16:31  Roach  
  74  16:46  Hatchery  
  67  16:59  Roach x2  
Tags
 
League
Silver
Matchup
ZvZ
Race
Zerg
Spawn Locations
Cross Positions
Add a new tag
Caveats
  • Supply blocks, unpowered buildings, or Contaminate may cause inaccurate times.
  • Supply counts are checked every 10 seconds.